 Dungeon Crawl Stone Soup version 0.24.0-29-g8ce449bc06 (webtiles) character file.

Game seed: 1903160228557812706, levelgen mode: deterministic

46 night the Sneak (level 3, 0/21 HPs)
             Began as an Octopode Ice Elementalist on Nov 13, 2019.
             Succumbed to an adder's poison
             ... on level 2 of the Dungeon.
             The game lasted 00:02:27 (938 turns).

night the Sneak (Octopode Ice Elementalist)          Turns: 938, Time: 00:02:28

Health: 0/21       AC:  1    Str:  7    XL:     3   Next: 66%
Magic:  1/6        EV: 14    Int: 18    God:
Gold:   44         SH:  0    Dex: 12    Spells: 3/6 levels left

rFire    . . .     SeeInvis .   f - +0 dagger
rCold    . . .     Gourm    .   (no shield)
rNeg     . . .     Faith    .   (helmet restricted)
rPois    .         Spirit   .   (no amulet)
rElec    .         Reflect  .   (no ring)
rCorr    .         Harm     .   (no ring)
MR       .....                  (no ring)
Stlth    +++.......             (no ring)
HPRegen  0.07/turn              (no ring)
MPRegen  0.10/turn              (no ring)
                                (no ring)
                                (no ring)

@: lethally poisoned (0 -> -1), berserk cooldown, slowed, very slow
A: almost no armour, stealthy swim, amphibious, 8 rings, constrict 8, camouflage
1, gelatinous body 1
a: no special abilities


You were on level 2 of the Dungeon.
You were not hungry.

You visited 1 branch of the dungeon, and saw 2 of its levels.

You collected 44 gold pieces.

Inventory:

Hand Weapons
 f - a +0 dagger (weapon)
Missiles
 a - 145 stones (quivered)
 d - 2 javelins
 i - 19 arrows
Jewellery
 j - an uncursed amulet of guardian spirit {unknown}
 m - an uncursed ring of stealth {unknown}
Scrolls
 c - a scroll of magic mapping {unknown}
 e - a scroll of identify {unknown}
 g - a scroll of amnesia {unknown}
 h - a scroll of enchant weapon {unknown}
Comestibles
 b - 4 rations
 k - 2 chunks of flesh


   Skills:
 + Level 2.6 Dodging
 + Level 3.6 Stealth
 + Level 2.4 Spellcasting
 - Level 1.0 Conjurations
 + Level 3.4 Ice Magic


You had 3 spell levels left.
You knew the following spells:

 Your Spells              Type           Power        Failure   Level  Hunger
a - Freeze                Ice            ##..         4%          1    #......
b - Throw Frost           Conj/Ice       ##....       11%         2    ##.....

Your spell library contained the following spells:

 Spells                   Type           Power        Failure   Level  Hunger
 Ozocubu's Armour         Chrm/Ice       #.......     26%         3    ###....
 Throw Icicle             Conj/Ice       ##......     56%         4    #####..
 Summon Ice Beast         Ice/Summ       #.......     65%         4    #####..


Dungeon Overview and Level Annotations

Branches:
Dungeon (2/15)

Altars:
Vehumet


Innate Abilities, Weirdness & Mutations

You cannot wear most types of armour.
You are very stealthy in the water. (Stealth+)
You are amphibious.
You can wear up to eight rings at the same time.
You can use your tentacles to constrict eight enemies at once.
Your skin changes colour to match your surroundings (Stealth+).
Your rubbery body absorbs attacks. (AC +1, EV +1)


Message History

The ooze barely misses you.
It was a potion of berserk rage.
A red film seems to cover your vision as you go berserk!
You feel yourself moving faster!
You feel mighty! The ooze misses you.
You puncture the ooze!
You kill the ooze!
* * * LOW HITPOINT WARNING * * *
You feel sick.
You see here an adder corpse.
You butcher the adder corpse.
You feel a strong urge to attack something.
Things that are here:
2 chunks of flesh; an adder skeleton
k - 2 chunks of flesh You are too berserk!
You feel your anger nearly subside.
You are no longer berserk.
You are exhausted.
You feel yourself slow down.
You die...

# #...........# #.#
#...........# ..#
#...†.......# +.
### #...........#
.$..
#...........###.#..
..
#..............#...
..
#..........##...⌠.
#.
#.#######......####
.
#.#.....@.........#
#.... .#
#.######........#
#...#...# #.#
#(.$.....#
#...+...# #.#
##..†......
#...#...# #.#
#.........
+.......# #.#
#........#
#.......#.#.#
§........#
..........#.#
#.☼.......#
#......####.#
#..§......#


There were no monsters in sight!

Vanquished Creatures
  An adder (D:2)
  An ooze (D:2)
  3 dart slugs (D:1)
  2 leopard geckos
  5 bats
  5 goblins
  A hobgoblin (D:2)
  A kobold (D:1)
  3 frilled lizards
  A rat (D:2)
23 creatures vanquished.

Notes
Turn   | Place    | Note
-------+----------+-------------------------------------------
     0 | D:1      | night the Octopode Ice Elementalist began the quest for the
                  | Orb.
     0 | D:1      | Reached XP level 1. HP: 11/11 MP: 3/3
   143 | D:1      | Reached XP level 2. HP: 17/17 MP: 5/5
   787 | D:1      | Learned a level 2 spell: Throw Frost
   838 | D:2      | Reached XP level 3. HP: 21/21 MP: 6/6
   913 | D:2      | Found a radiant altar of Vehumet.
   929 | D:2      | HP: 1/21 [poisoned by an adder]
   938 | D:2      | Succumbed to an adder's poison

Levels and vault maps discovered:
D:1:      dpeg_arrival_chase, layout_loops_ring, chequers_serial_rivers_large_b
D:2:      layout_basic, fiery_altar_vehumet, marbit_many_paths,
          gammafunk_temple_overflow_forgotten, evilmike_ruin_ashenzari

Skill      XL: |  1 |
---------------+----+-----
Stealth        | 3 |  3.6
Dodging        | |  2.6
Spellcasting   | |  2.4
Conjurations   | |  1.0
Ice Magic      | |  3.4

Action                   || total
-------------------------++-------
Melee: Dagger            ||    32
       Constrict         ||    10
       Tentacles         ||     6
       Unarmed           ||     1
 Cast: Freeze            ||     8
  Use: Potion            ||     1
 Stab: Sleeping          ||     9
Armor: Skin              ||     4
Dodge: Dodged            ||    30
